 Dungeon Crawl Stone Soup version 0.28-a0-172-g787e458d71 (webtiles) character file.

Game seed: 8851139617862274409

11776 lunkers the Thaumaturge (level 12, -4/93 HPs)
             Began as a Djinni Earth Elementalist on Aug 16, 2021.
             Was an Initiate of Gozag.
             Slain by an orc warrior (17 damage)
             ... on level 11 of the Dungeon on Aug 17, 2021.
             The game lasted 00:20:15 (14677 turns).

lunkers the Thaumaturge (DjEE)                     Turns: 14677, Time: 00:20:15

Health: -4/93      AC:  6    Str:  7    XL:     12   Next: 12%
Gold:   1438       EV: 11    Int: 21    God:    Gozag SH:  3 Dex: 15

rFire   + + .      SeeInvis .   a - +5 trident (pain)
rCold   . . .      Faith    .   l - +0 buckler
rNeg    . . .      Spirit   .   p - +1 robe {rC+}
rPois   ∞          Reflect  .   e - +0 helmet
rElec   .          Harm     .   x - +0 cloak
rCorr   +          Rampage  .   C - +0 pair of gloves
Will    +....                   (boots unavailable)
Stlth   ++........              (no amulet)
HPRegen 0.25/turn               q - ring of resist corrosion
MPRegen 0.00/turn               (no ring)

@: flying
A: sickness immunity, fire resistance 2, cold vulnerability 1, float, innate
caster, hp casting, extra vitality 1
a: Renounce Religion, Potion Petition, Call Merchant, Bribe Branch


You were on level 11 of the Dungeon.
You worshipped Gozag.
Gozag was most pleased with you.
You visited 2 branches of the dungeon, and saw 13 of its levels.

You collected 1516 gold pieces.
You paid 78 gold pieces to Gozag.

Inventory:

Hand Weapons
 a - a +5 trident of pain (weapon)
Missiles
 c - 211 stones
 j - 6 throwing nets
Armour
 e - a +0 helmet (worn)
 l - a +0 buckler (worn)
 p - a +1 robe of cold resistance (worn)
 x - a +0 cloak (worn)
 C - a +0 pair of gloves (worn)
 J - a +3 leather armour of fire resistance
Jewellery
 q - a ring of resist corrosion (left hand)
 O - a ring of ice
Wands
 m - a wand of polymorph (12)
 B - a wand of digging (18)
 H - a wand of charming (10)
 M - a wand of iceblast (7)
 Q - a wand of paralysis (12)
Scrolls
 b - 3 scrolls of teleportation {unknown}
 f - 3 scrolls of fog {unknown}
 g - a scroll of holy word {unknown}
 i - 3 scrolls of enchant weapon {unknown}
 t - a scroll of acquirement {unknown}
 u - 5 scrolls of enchant armour {unknown}
 y - a scroll of torment {unknown}
 z - 2 scrolls of fear {unknown}
 D - a scroll of magic mapping {unknown}
 E - a scroll of blinking {unknown}
 G - a scroll of vulnerability {unknown}
 I - 2 scrolls of amnesia {unknown}
 K - a scroll of immolation {unknown}
 P - 2 scrolls of identify
Potions
 d - 2 potions of haste
 h - a potion of might {unknown}
 k - a potion of flight {unknown}
 n - a potion of magic {unknown}
 o - 2 potions of cancellation
 r - 3 potions of heal wounds
 s - 4 potions of brilliance {unknown}
 v - 3 potions of mutation
 w - a potion of degeneration {unknown}
 A - 5 potions of curing
 F - 2 potions of attraction {unknown}
 L - a potion of invisibility {unknown}
 N - a potion of lignification {unknown}


   Skills:
 + Level 10.6 Fighting
 - Level 2.1 Dodging
 - Level 1.5 Stealth
 * Level 11.7 Spellcasting


You had 9 spell levels left.
You knew the following spells:

 Your Spells              Type           Power      Damage    Failure   Level
a - Stone Arrow           Conj/Erth      100%       3d13      1%          3
b - Passwall              Tmut/Erth      48%        N/A       1%          2
c - Sandblast             Erth           100%       2d20      1%          1
d - Petrify               Tmut/Erth      58%        N/A       1%          4
e - Corona                Hex            64%        N/A       1%          1
f - Wereblood             Tmut           58%        N/A       1%          2
g - Inner Flame           Hex/Fire       58%        N/A       1%          3
h - Passage of Golubria   Tloc           N/A        N/A       1%          4
i - Metabolic Englaciati  Hex/Ice        29%        N/A       1%          5
Your spell library was empty.

Dungeon Overview and Level Annotations

Branches:
Dungeon (12/15)            Temple (1/1) D:6            Lair (0/6) D:10
    Orc (0/2) D:11

Altars:
Ashenzari
Cheibriados
Dithmenos
Elyvilon
Fedhas
Gozag
Hepliaklqana
Kikubaaqudgha
Makhleb
Nemelex Xobeh
Okawaru
Qazlal
Ru
Sif Muna
Trog
Uskayaw
Vehumet
Wu Jian
Xom
Yredelemnul
Zin
The Shining One


Innate Abilities, Weirdness & Mutations

You are immune to sickness and miasma.
You are immune to poison.
Your flesh is very heat resistant. (rF++)
You are vulnerable to cold. (rC-)
You float through the air rather than walking.
You learn spells naturally, not from books.
Your magical power is your life essence.
You have superior vitality. (+4 HP)


Message History

* * * LOW HITPOINT WARNING * * *
The red ugly thing completely misses you.
Unknown command.
Unknown command.
Casting: Stone Arrow (safe; 1% risk of failure)
Confirm with . or Enter, or press ? or * to list all spells.
Aiming: Stone Arrow (safe; 1% risk of failure)
Press: ? - help, Shift-Dir - straight line, f/p - red ugly thing
Aim: a red ugly thing (almost dead, 78% to hit)
The stone arrow hits the red ugly thing!
You kill the red ugly thing!
* * * LOW HITPOINT WARNING * * *
You hear the steady crackling of a very distant melting archway.
Unknown command.
You now have 1438 gold pieces (gained 8).
An orc comes into view.
It is wielding a +0 club and wearing a +2 leather armour of fire resistance.
An orc and an orc warrior come into view.
The orc shouts!
The orc warrior shouts!
The orc shouts!
You hear a shout!
An orc wizard comes into view. It is wielding a +0 dagger.
The orc warrior moves out of view.
The orc moves out of view.
You hit the orc.
The orc is heavily wounded.
An orc wizard comes into view. It is wielding a +0 dagger.
The orc closely misses you.
The orc is distracted by your dazzling golden aura.
Found an escape hatch in the ceiling.
The orc is distracted by your dazzling golden aura.
The orc is no longer distracted by gold.
The orc hits you but does no damage.
Found a flail.
There is a stone staircase leading up here.
The orc barely misses you.
The orc warrior hits you with a +0 war axe.
* * * LOW HITPOINT WARNING * * *
You fly upwards.
There is a stone staircase leading down here.
Unknown command.
The orc warrior hits you with a +0 war axe!
You die...
Your body crumbles into a pile of gold.

...............>.# #..........#
..........(......# #..........#
...^.............####..^.......#
............####...............#
..........>.# #...............#
...)).......# #..####.........#
.....)......# #..# #.........#
....).......# #oo# #.........#
............# #@.# #.........#
............# #..# #.........#
............# #..# #.........#
............# #..# #.........#
##..........####..# #.........#
#.............[..# #.........#
#................# #.........#
#................# #.........#
#..........###.).####.........#


You could see an orc warrior and an orc.

Vanquished Creatures
  A catoblepas (D:11)
  2 two-headed ogres
  A deep elf pyromancer (D:10)
  2 ugly things
  A cyclops (D:12)
  2 centaur zombies
  Psyche (D:9)
  A komodo dragon (D:10)
  A kobold demonologist (D:11)
  A vampire (D:10)
  3 wyverns
  A wraith (D:10)
  18 yaks
  A steam dragon (D:7)
  Edmund (D:4)
  3 orc warriors
  2 black bears
  An ogre (D:6)
  A necrophage (D:6)
  An ice beast (D:8)
  A sky beast (D:5)
  5 centaurs
  2 phantoms (D:6)
  3 kobold brigands
  2 gnoll sergeants
  A scorpion (D:5)
  2 bullfrogs
  A water moccasin zombie (D:7)
  A water moccasin skeleton (D:6)
  5 wights (D:9)
  3 howler monkeys
  A bullfrog skeleton (D:5)
  4 hounds
  An orc priest (D:6)
  Crazy Yiuf (D:4)
  A jelly (D:6)
  Natasha (thrice) (D:3)
  12 orc wizards
  Robin (D:3)
  A howler monkey zombie (D:8)
  15 gnolls
  7 adders
  3 shadow imps
  2 white imps
  2 worms
  2 dart slugs
  34 orcs
  2 bats (D:1)
  5 endoplasms
  3 giant cockroaches
  19 goblins
  10 hobgoblins
  3 jackals (D:1)
  2 quokkas
  3 ball pythons
  A frilled lizard (D:1)
  15 kobolds
  7 rats
231 creatures vanquished.

Vanquished Creatures (others)
  3 plants (D:10)
3 creatures vanquished.

Grand Total: 234 creatures vanquished

Notes
Turn   | Place    | Note
-------+----------+-------------------------------------------
     0 | D:1      | lunkers the Djinni Earth Elementalist began the quest for
                  | the Orb.
     0 | D:1      | Reached XP level 1. HP: 15/15 MP: 0/0
    19 | D:1      | Noticed an eye of devastation
    21 | D:1      | Found a faded altar of an unknown god.
    25 | D:1      | Noticed an eye of devastation
    25 | D:1      | Noticed a great orb of eyes
    25 | D:1      | Noticed a shining eye
   148 | D:1      | Reached XP level 2. HP: 21/22 MP: 0/0
   219 | D:1      | Reached skill level 1 in Fighting
   470 | D:1      | Reached XP level 3. HP: 17/27 MP: 0/0
   470 | D:1      | Learned a level 1 spell: Corona
   472 | D:1      | Reached skill level 3 in Spellcasting
   613 | D:1      | You are sucked into a shaft and drop 1 floor!
  1229 | D:2      | Reached XP level 4. HP: 28/32 MP: 0/0
  2517 | D:3      | Noticed Robin
  2641 | D:3      | Reached XP level 5. HP: 24/38 MP: 0/0
  2641 | D:3      | Learned a level 2 spell: Wereblood
  2798 | D:3      | Killed Robin
  2872 | D:3      | Noticed Natasha
  2876 | D:3      | Killed Natasha
  2877 | D:3      | Reached skill level 4 in Spellcasting
  2983 | D:3      | Noticed Natasha
  2987 | D:3      | Killed Natasha
  2995 | D:3      | Reached XP level 6. HP: 23/45 MP: 0/0
  3562 | D:3      | Noticed Natasha
  3564 | D:3      | Killed Natasha
  4418 | D:4      | Reached XP level 7. HP: 44/50 MP: 0/0
  4418 | D:4      | Learned a level 3 spell: Inner Flame
  4439 | D:4      | Noticed Edmund
  4442 | D:4      | Killed Edmund
  4443 | D:4      | Reached skill level 5 in Spellcasting
  4939 | D:4      | Found a hazy altar of Hepliaklqana.
  4952 | D:4      | Found a runed translucent door.
  4953 | D:4      | Noticed Crazy Yiuf
  4973 | D:4      | Found a shadowy altar of Dithmenos.
  4995 | D:4      | Found a basalt altar of Yredelemnul.
  5327 | D:4      | Killed Crazy Yiuf
  5377 | D:5      | Entered Level 5 of the Dungeon
  5603 | D:5      | Reached XP level 8. HP: 41/58 MP: 0/0
  5808 | D:5      | Noticed a +0 falchion
  5808 | D:5      | Noticed a +0 falchion
  5809 | D:5      | Noticed a +0 spear
  5809 | D:5      | Noticed a +0 spear
  5810 | D:5      | Noticed a +0 short sword
  5813 | D:5      | Noticed a +0 dagger
  5814 | D:5      | Noticed a +0 short sword
  5816 | D:5      | Noticed a +0 dagger
  5827 | D:5      | Found a hide-covered altar of Uskayaw.
  6326 | D:5      | Reached skill level 6 in Spellcasting
  6696 | D:6      | Reached skill level 5 in Fighting
  7268 | D:6      | Reached skill level 7 in Spellcasting
  7268 | D:6      | Reached XP level 9. HP: 52/66 MP: 0/0
  7268 | D:6      | Learned a level 4 spell: Passage of Golubria
  7441 | D:6      | Found an iron altar of Okawaru.
  7688 | D:6      | Found an ornate altar of the Wu Jian Council.
  7694 | D:6      | Found a staircase to the Ecumenical Temple.
  7961 | Temple   | Entered the Ecumenical Temple
  8186 | Temple   | Became a worshipper of Gozag Ym Sagoz the Greedy
  8735 | D:8      | Reached skill level 8 in Spellcasting
  9365 | D:8      | Reached XP level 10. HP: 44/75 MP: 0/0
  9384 | D:8      | Reached skill level 9 in Spellcasting
 10385 | D:9      | Noticed a two-headed ogre
 10397 | D:9      | Killed a two-headed ogre
 10511 | D:9      | Found a burning altar of Makhleb.
 10511 | D:9      | Found a white marble altar of Elyvilon.
 10511 | D:9      | Found a shimmering altar of Xom.
 10755 | D:9      | Noticed Psyche
 10847 | D:9      | Killed Psyche
 11121 | D:9      | Reached skill level 10 in Spellcasting
 11697 | D:10     | Entered Level 10 of the Dungeon
 11935 | D:10     | Reached XP level 11. HP: 68/84 MP: 0/0
 11935 | D:10     | Learned a level 5 spell: Metabolic Englaciation
 11998 | D:10     | Noticed a deep elf pyromancer
 12002 | D:10     | Killed a deep elf pyromancer
 12091 | D:10     | Found a sparkling altar of Nemelex Xobeh.
 12303 | D:10     | Found a sacrificial altar of Ru.
 12389 | D:10     | Found a staircase to the Lair.
 12536 | D:10     | Noticed a white ugly thing
 12922 | D:11     | Found a staircase to the Orcish Mines.
 13028 | D:11     | Reached skill level 11 in Spellcasting
 13138 | D:11     | Reached skill level 10 in Fighting
 13629 | D:11     | Noticed a green ugly thing
 13654 | D:11     | Noticed a two-headed ogre
 13660 | D:11     | Killed a two-headed ogre
 13788 | D:11     | Noticed a soul eater
 13841 | D:11     | Noticed a catoblepas
 14085 | D:11     | Killed a catoblepas
 14256 | D:11     | Killed a green ugly thing
 14257 | D:11     | Reached XP level 12. HP: 77/92 MP: 0/0
 14677 | D:11     | Slain by an orc warrior

Illustrated notes

Levels and vault maps discovered:
D:1:      amcnicky_arrival_choice, layout_rooms,
          hellmonk_ecumenical_altar_watching_god
D:2:      layout_loops_cross
D:3:      layout_rooms, uniq_natasha, uniq_robin
D:4:      layout_cave_pools, mainiacjoe_overflow_small_starburst,
          nicolae_hepliaklqana_hazy_memory, mainiacjoe_overflow_cross_hatched,
          hex_medium, uniq_edmund, uniq_crazy_yiuf_cottage
D:5:      layout_gridville, nicolae_uskayaw_en_pointe
D:6:      layout_basic, mainiacjoe_overflow_paths, okawaru_ov_weapons_minmay,
          temple_green, minivault_1
D:7:      layout_rooms, tgw_sif
D:8:      layout_loops_ring
D:9:      layout_irregular_city, gammafunk_temple_overflow_forgotten,
          kennysheep_generic_room_16, uniq_psyche
D:10:     layout_rooms, nicolae_overflow_crystal_walls, kennysheep_little_box,
          david_lair_shrubbed, ebering_dispersal_statue_hall,
          lightli_corner_chamber
D:11:     layout_long_grid, orc_0_dummy
D:12:     layout_stronghold, portal_ice_cave_entry_pillars_1, uniq_josephine
Temple:   dpeg_chambers_temple

Skill      XL: |  1  2  3  4  5  6  7  8  9 10 11 |
---------------+----------------------------------+-----
Fighting       | 1 2 3 4 5 7 9 10 | 10.6
Spellcasting   | 3 4 5 7 8 10 11 | 11.7
Dodging        | |  2.1
Stealth        | |  1.5

Action                   |  1- 3 |  4- 6 |  7- 9 | 10-12 || total
-------------------------+-------+-------+-------+-------++-------
Melee: Dagger            |       |     2 |       |       ||     2
       Unarmed           |       |     8 |       |       ||     8
       Quarterstaff      |       |       |       |     1 ||     1
       Trident           |       |       |       |     1 ||     1
 Cast: Sandblast         |    39 |    37 |       |       ||    76
       Stone Arrow       |     7 |    57 |   128 |   183 ||   375
  Use: Scroll            |       |       |       |     5 ||     5
Armor: Robe              |     3 |     4 |     1 |    17 ||    25
Dodge: Dodged            |     7 |    23 |    11 |    31 ||    72
Block: Buckler           |       |       |       |     5 ||     5

Table legend: (Time is in decaauts)
 A = Elapsed time spent in this place.
 B = Non-inter-level travel time spent in this place.
 C = Inter-level travel time spent in this place.
 D = Time resting spent in this place.
 E = Time spent auto-exploring this place.
 F = Levels seen in this place.
 G = Mean time per level.
                   A        B        C        D        E       F      G
               +--------+--------+--------+--------+--------+-----+--------+
         Total |  14677 |  14210 |    467 |   2062 |  10692 |  13 | 1129.0 |
       Dungeon |  14443 |  14007 |    436 |   2062 |  10490 |  12 | 1203.6 |
        Temple |    233 |    203 |     30 |      0 |    202 |   1 |  233.0 |
               +--------+--------+--------+--------+--------+-----+--------+

Top non-repeatable levels by time:
     D:2: 1747 daAuts
    D:11: 1721 daAuts
     D:3: 1714 daAuts
     D:8: 1445 daAuts
     D:9: 1321 daAuts
     D:5: 1315 daAuts
     D:4: 1301 daAuts
     D:6: 1280 daAuts
    D:10: 985 daAuts
     D:7: 724 daAuts
     D:1: 613 daAuts
    D:12: 273 daAuts
  Temple: 233 daAuts
